AoeStats
← Chiripa605

Arena

505332846Analyzed
3v3 RM · 24d ago on Sep 8, 2026· 24m 21s· 6 players
Game mode
Random Map
Map size
Normal (6 player)
Population
200
Speed
Normal
Resources
Standard
Victory
Conquest
Starting age
Dark Age
Ending age
Imperial Age
RankedLock teamsTeams togetherTeam positionsShared explorationLock speedFull tech treeHidden civsTurbo modeCheats
Victory
Defeat
🇺🇸 Wu · United States
1188
+15
1154
+16
🇧🇷 Japanese · Brazil
1130
+17
🇷🇺 Bohemians · Russia
1212
-19
🇹🇼 Goths · Taiwan
1191
-17
🇫🇷 Burgundians · France
1061
-12
Chiripa605
10:38 Feudal Age
14:26 Castle Age
13:11 Double-Bit Axe
13:19 Horse Collar
18:43 Loom
20:49 Squires
21:22 Heavy Plow
22:03 Scale Mail Armor
22:15 Gold Mining
23:12 Forging
23:20 Chain Mail Armor
24:23 Wheelbarrow
24:16 Arson
Chaves
10:52 Feudal Age
11:23 Double-Bit Axe
11:21 Horse Collar
16:04 Town Watch
19:47 Castle Age
18:44 Scale Mail Armor
20:46 Bow Saw
20:30 Gold Mining
20:43 Heavy Plow
20:30 Loom
22:58 Gold Shaft Mining
22:36 Forging
25:33 Wheelbarrow
Pte. psiquiatrico en pañales
8:12 Loom
10:02 Feudal Age
10:56 Double-Bit Axe
18:55 Fletching
21:04 Forging
21:17 Scale Barding Armor
King Benou
0:42 Loom
6:11 Double-Bit Axe
9:00 Wheelbarrow
11:40 Feudal Age
10:49 Horse Collar
13:06 Bow Saw
17:10 Gold Mining
23:04 Castle Age
23:12 Cavalier
24:09 Scale Barding Armor
安安您好
10:14 Feudal Age
10:42 Man-at-Arms
17:28 Castle Age
15:20 Double-Bit Axe
16:52 Horse Collar
20:32 Bow Saw
21:48 Long Swordsman
23:53 Scale Mail Armor
Rick05
1:52 Loom
11:34 Feudal Age
12:53 Horse Collar
16:39 Castle Age
15:02 Double-Bit Axe
16:40 Horse Collar
19:18 Chemistry
17:57 Pikeman
20:26 Wheelbarrow
19:46 Pikeman
22:03 Squires
Connection lost

Rejoining the realm…

Still unreachable

The connection could not be restored.

Session expired

The server has moved on; the page needs a fresh start.